 Dungeon Crawl Stone Soup version 0.28-a0-1616-g050a50673c (webtiles) character file.

Game seed: 13997752072400671504

5713 issech the Basher (level 10, -4/100 HPs)
             Began as a Troll Berserker on Jan 22, 2022.
             Was an Elder of Trog.
             Slain by a gnoll sergeant (22 damage)
             ... in a bailey.
             The game lasted 00:26:16 (6542 turns).

issech the Basher (Troll Berserker)                 Turns: 6542, Time: 00:26:16

Health: -4/100     AC:  7    Str: 27    XL:     10   Next: 48%
Magic:  9/9        EV: 16    Int:  3    God:    Trog [****..]
Gold:   420        SH:  0    Dex: 13    Spells: 9/9 levels left

rFire   . . .      SeeInvis .   M - +1 dire flail (drain)
rCold   + . .      Faith    .   (shield currently unavailable)
rNeg    . . .      Spirit   .   d - +2 robe {rC+}
rPois   +          Reflect  .   (helmet restricted)
rElec   .          Harm     .   S - +0 cloak
rCorr   .          Rampage  .   (gloves unavailable)
Will    .....                   (boots unavailable)
Stlth   ++........              (no amulet)
HPRegen 1.06/turn               h - +4 ring of evasion
MPRegen 0.11/turn               O - ring of poison resistance

@: on berserk cooldown, slowed, studying Stealth, very slow
A: large, unfitting armour, claws 3, regeneration 1, shaggy fur 1, tough skin 1
a: Renounce Religion, Berserk, Trog's Hand, Brothers in Arms


You were in a bailey.
You worshipped Trog.
Trog was greatly pleased with you.
You visited 2 branches of the dungeon, and saw 9 of its levels.
You also visited: Bailey.

You collected 420 gold pieces.

Inventory:

Hand Weapons
 a - a +0 vorpal mace
 j - a +2 vorpal mace
 w - a +0 hunting sling
 x - a +3 dagger
 y - a +0 giant spiked club
 C - a +1 whip of freezing
 D - a +0 halberd
 E - a +0 rapier
 F - a +0 giant club
 H - a +0 shortbow
 I - a +0 dagger of venom
 J - a +0 dagger of draining
 M - a +1 dire flail of draining (weapon)
 P - a +1 dagger of speed
Missiles
 c - 196 stones (quivered)
 f - 79 bolts
 g - 67 sling bullets
 k - 140 arrows
 G - 6 curare-tipped darts
 L - 6 atropa-tipped darts
 Q - 6 poisoned darts
 U - 5 throwing nets
Armour
 b - a +1 animal skin
 d - a +2 robe of cold resistance (worn)
 v - a +1 ring mail of cold resistance
 S - a +0 cloak (worn)
Magical Staves
 e - a staff of poison
 n - a staff of air
Jewellery
 h - a +4 ring of evasion (left claw)
 m - a +6 ring of intelligence
 q - a ring of see invisible
 O - a ring of poison resistance (right claw)
Wands
 K - a wand of paralysis (9)
Scrolls
 l - 2 scrolls of enchant armour
 u - a scroll of torment
 A - a scroll of teleportation
 R - 3 scrolls of silence
 T - a scroll of amnesia
Potions
 i - 2 potions of cancellation {unknown}
 o - a potion of might {unknown}
 p - 4 potions of curing
 r - a potion of brilliance
 s - a potion of berserk rage {unknown}
 t - 3 potions of degeneration
 z - 2 potions of heal wounds
 B - 2 potions of haste {unknown}
 N - a potion of attraction {unknown}


   Skills:
 + Level 6.8 Fighting
 + Level 10.8 Maces & Flails
 + Level 6.8 Dodging
 + Level 1.4 Stealth


You had 9 spell levels left.
You didn't know any spells.
Your spell library contained the following spells:

 Spells                   Type           Power      Damage    Failure   Level
 Pain                     Necr           0%         1d4       52%         1
 Corpse Rot               Necr/Air       0%         N/A       67%         2
 Poisonous Vapours        Pois/Air       0%         N/A       67%         2
 Dispel Undead            Necr           0%         3d6       99%         4
 Agony                    Necr           0%         N/A       100%        5
 Excruciating Wounds      Necr           0%         N/A       100%        5
 Death Channel            Necr           0%         N/A       100%        6


Dungeon Overview and Level Annotations

Branches:
Dungeon (8/15)             Temple (1/1) D:7            Lair (0/6) D:8
 Bailey (1/1)

Altars:
Ashenzari
Cheibriados
Elyvilon
Fedhas
Gozag
Hepliaklqana
Kikubaaqudgha
Makhleb
Nemelex Xobeh
Okawaru
Qazlal
Ru
Sif Muna
Uskayaw
Vehumet
Wu Jian
Xom
Yredelemnul
Zin
The Shining One

Shops:
D:5 !   D:6 :   D:8 ?


Innate Abilities, Weirdness & Mutations

You are too large for most types of armour.
You have claws for hands.
Your natural rate of healing is unusually fast.
You are covered in fur. (AC +1)
You have tough skin. (AC +1)


Message History

The wolf misses you.
You closely miss the wolf.
The wolf is almost dead.
The wolf completely misses you.
The gnoll shaman hits you but does no damage.
The gnoll sergeant hits you from afar with a +0 glaive!
The gnoll sergeant barely misses you.
You closely miss the wolf.
The wolf is almost dead.
The wolf closely misses you.
You closely miss the wolf.
The wolf is almost dead.
The wolf misses you.
The gnoll shaman hits you but does no damage.
The gnoll sergeant hits you from afar with a +0 glaive!
* * * LOW HITPOINT WARNING * * *
The gnoll sergeant hits you from afar with a +0 halberd!
* * * LOW HITPOINT WARNING * * *
The wolf closely misses you. The gnoll shaman misses you. The wolf misses you.
The gnoll sergeant hits you from afar with a +0 glaive!
* * * LOW HITPOINT WARNING * * *
The wolf bites you.
* * * LOW HITPOINT WARNING * * *
You completely miss the wolf.
The wolf is severely wounded.
The wolf closely misses you. The gnoll shaman closely misses you.
Unknown command.
A red film seems to cover your vision as you go berserk!
You feel yourself moving faster!
You feel mighty! The wolf closely misses you. The wolf misses you.
You puncture the wolf!
You kill the wolf!
Trog accepts your kill.
You feel a strong urge to attack something.
You feel your anger nearly subside.
You are no longer berserk.
You are exhausted.
You feel yourself slow down.
You fail to use your ability.
The gnoll sergeant misses you.
The gnoll sergeant hits you from afar with a +0 glaive!!
You die...

♣♣♣♣♣♣♣♣♣♣♣♣♣♣♣♣♣♣♣
≈≈≈≈≈≈≈≈≈≈≈≈≈≈≈≈≈≈♣♣
.# ###########...≈≈♣
## 8.......8.##.@.≈♣
...........##..≈♣
..h.........#g.≈♣
..#####.....#.g≈♣
##...##..)g#g.≈♣
#####.....###'##..≈♣
...#.......#......≈♣
...)...8.).').....≈♣
...#.......#......≈♣


You could see 2 gnoll sergeants and a gnoll shaman.

Vanquished Creatures
  2 kobold demonologists (D:8)
  3 wyverns
  4 yaks (D:8)
  2 basilisks (D:8)
  Edmund (D:6)
  4 water moccasins (D:8)
  An ice beast (D:7)
  A sky beast (D:6)
  A black bear (D:5)
  2 ogres
  3 wolves (Bailey)
  3 centaurs (D:7)
  A kobold brigand (D:8)
  4 bullfrogs
  4 gnoll sergeants (Bailey)
  5 scorpions
  2 water moccasin zombies (D:5)
  5 killer bees (D:7)
  4 howler monkeys
  2 bullfrog zombies (D:5)
  3 centaur zombies
  5 jellies
  6 hounds
  4 orc priests
  A centaur skeleton (D:4)
  2 gnoll shamans
  A bullfrog skeleton (D:6)
  An iguana (D:6)
  4 orc wizards
  A killer bee zombie (D:7)
  A howler monkey zombie (D:7)
  8 gnolls
  3 adders
  A shadow imp (D:8)
  A white imp (D:7)
  An adder skeleton (D:5)
  4 dart slugs
  9 orcs
  An endoplasm (D:1)
  2 giant cockroaches (D:2)
  3 goblins
  7 hobgoblins
  11 jackals (D:1)
  2 quokkas (D:1)
  3 ball pythons
  4 bats
  3 frilled lizards (D:1)
  8 kobolds
  4 rats
158 creatures vanquished.

Vanquished Creatures (others)
  A bush (D:8)
  2 fungi (D:8)
  11 plants (D:8)
14 creatures vanquished.

Grand Total: 172 creatures vanquished

Notes
Turn   | Place    | Note
-------+----------+-------------------------------------------
     0 | D:1      | issech the Troll Berserker began the quest for the Orb.
     0 | D:1      | Reached XP level 1. HP: 22/22 MP: 0/0
    47 | D:1      | Reached XP level 2. HP: 26/29 MP: 1/1
   103 | D:1      | Reached skill level 3 in Maces & Flails
   361 | D:1      | Found a faded altar of an unknown god.
   407 | D:1      | Reached XP level 3. HP: 20/36 MP: 2/2
   557 | D:1      | Reached ** piety under Trog
  1537 | D:3      | Reached XP level 4. HP: 42/45 MP: 3/3
  1561 | D:3      | Found a snail-covered altar of Cheibriados.
  1807 | D:3      | Found a hide-covered altar of Uskayaw.
  1882 | D:4      | Found a white marble altar of Elyvilon.
  1976 | D:4      | Noticed a scorpion
  1987 | D:4      | Killed a scorpion
  1988 | D:4      | Reached skill level 4 in Maces & Flails
  1988 | D:4      | Reached XP level 5. HP: 53/53 MP: 4/4
  2593 | D:5      | Entered Level 5 of the Dungeon
  2615 | D:5      | Found Guekies's Distillery.
  2721 | D:5      | Reached XP level 6. HP: 61/61 MP: 5/5
  2779 | D:5      | Reached skill level 5 in Maces & Flails
  2792 | D:5      | Reached XP level 7. HP: 59/68 MP: 6/6
  2826 | D:5      | Found a hazy altar of Hepliaklqana.
  2844 | D:5      | Found an opulent altar of Gozag.
  2907 | D:5      | Reached *** piety under Trog
  2973 | D:5      | Reached skill level 6 in Maces & Flails
  3213 | D:5      | Reached XP level 8. HP: 61/79 MP: 7/7
  3278 | D:5      | Found a basalt altar of Yredelemnul.
  3496 | D:5      | Found a blossoming altar of Fedhas.
  3866 | D:6      | Found Vecwat's Self-Improvement Boutique.
  3879 | D:6      | Reached skill level 7 in Maces & Flails
  3957 | D:6      | Reached skill level 5 in Fighting
  4134 | D:6      | Noticed Edmund
  4155 | D:6      | Killed Edmund
  4156 | D:6      | Reached skill level 5 in Dodging
  4272 | D:7      | Reached skill level 8 in Maces & Flails
  4474 | D:7      | Reached XP level 9. HP: 60/88 MP: 8/8
  4578 | D:7      | Reached **** piety under Trog
  4964 | D:7      | Found a staircase to the Ecumenical Temple.
  4971 | Temple   | Entered the Ecumenical Temple
  5210 | D:7      | Found an ornate altar of the Wu Jian Council.
  5396 | D:7      | Reached skill level 9 in Maces & Flails
  5615 | D:8      | Reached skill level 1 in Stealth
  5659 | D:8      | Reached skill level 10 in Maces & Flails
  5671 | D:8      | Reached XP level 10. HP: 86/98 MP: 9/9
  5717 | D:8      | Noticed an orange demon
  5729 | D:8      | Noticed a sun demon
  5850 | D:8      | Found a staircase to the Lair.
  6076 | D:8      | Found Joyly's Magic Scroll Emporium.
  6119 | D:8      | Found a flagged portal.
  6131 | Bailey   | Entered a bailey
  6542 | Bailey   | Slain by a gnoll sergeant

Illustrated notes

Levels and vault maps discovered:
D:1:      minmay_arrival_radiant_lines, layout_loops_cross,
          hellmonk_ecumenical_altar_dog_temple, st_stairs_3
D:2:      layout_basic, hangedman_glass_teeth, minmay_pentomino_r4
D:3:      layout_basic, kennysheep_slug_shrine, marbit_many_paths
D:4:      layout_gridville, elyvilon_altar_5
D:5:      layout_basic, nicolae_overflow_quartered_altars, serial_shops,
          nicolae_shop_advertising_works [nicolae_subvault_shop_adworks],
          minmay_manual_mail
D:6:      layout_rooms, nicolae_shop_self_help, uniq_edmund
D:7:      layout_cave_pods, pdpol_wu_jian_five_deadly_venoms,
          minmay_temple_entry_waves, dk_rats_in_the_wall
D:8:      minmay_thick_lines, layout_loops_corners,
          mainiacjoe_overflow_tiny_flanked, minmay_lair_entry_grove,
          serial_shops, shop, enter_bailey_4, minmay_unpleasant_kobolds
Temple:   nicolae_temple_hex_pool
Bailey:   bailey_polearm_gnolls_kennysheep, bailey

Skill      XL: |  1  2  3  4  5  6  7  8  9 |
---------------+----------------------------+-----
Maces & Flails | 3 4 5 6 8 10 | 10.8
Dodging        | 3 4 5 6 |  6.8
Fighting       | 3 4 5 6 |  6.8
Stealth        | 1 |  1.4

Action                   |  1- 3 |  4- 6 |  7- 9 | 10-12 || total
-------------------------+-------+-------+-------+-------++-------
Melee: Mace              |   137 |    87 |   128 |       ||   352
       Dire flail        |       |       |   191 |   124 ||   315
       Punch             |       |       |     1 |       ||     1
Invok: Berserk           |       |     1 |       |     4 ||     5
  Use: Scroll            |     7 |     6 |     5 |       ||    18
Armor: Animal skin       |     4 |       |       |       ||     4
       Robe              |    64 |    37 |    58 |    33 ||   192
Dodge: Dodged            |   109 |    86 |   242 |   177 ||   614

Table legend: (Time is in decaauts)
 A = Elapsed time spent in this place.
 B = Non-inter-level travel time spent in this place.
 C = Inter-level travel time spent in this place.
 D = Time resting spent in this place.
 E = Time spent auto-exploring this place.
 F = Levels seen in this place.
 G = Mean time per level.
                   A        B        C        D        E       F      G
               +--------+--------+--------+--------+--------+-----+--------+
         Total |   6591 |   6429 |    162 |    678 |   3197 |  10 |  659.1 |
       Dungeon |   6077 |   5934 |    143 |    503 |   3117 |   8 |  759.6 |
        Temple |     95 |     76 |     19 |      0 |     65 |   1 |   95.0 |
        Bailey |    418 |    418 |      0 |    175 |     15 |   1 |  418.0 |
               +--------+--------+--------+--------+--------+-----+--------+

Top non-repeatable levels by time:
     D:7: 1282 daAuts
     D:5: 1163 daAuts
     D:1: 949 daAuts
     D:4: 748 daAuts
     D:2: 563 daAuts
     D:6: 524 daAuts
     D:8: 460 daAuts
  Bailey: 418 daAuts
     D:3: 385 daAuts
  Temple: 95 daAuts
